 Dungeon Crawl Stone Soup version 0.31-a0-16-g6d2539766c (webtiles) character file.

Game seed: 11806039091578496466

49 sircluck the Conjurer (level 3, 0/26 HPs)
             Began as a Demigod Conjurer on May 8, 2023.
             Slain by a goblin
             ... wielding a +0 dagger
              (4 damage)
             ... on level 2 of the Dungeon.
             The game lasted 00:02:59 (1703 turns).

sircluck the Conjurer (Demigod Conjurer)            Turns: 1703, Time: 00:02:59

Health: 0/26       AC:  3    Str:  8    XL:     3   Next: 33%
Magic:  1/9        EV: 12    Int: 24    God:
Gold:   29         SH:  5    Dex: 12    Spells: 5/6 levels left

rFire   . . .        m - +0 dagger
rCold   . . .        (no shield)
rNeg    . . .        a - +0 robe
rPois   .            (no helmet)
rElec   .            i - +0 cloak
rCorr   .            (no gloves)
SInv    .            (no boots)
Will    .....        j - amulet of reflection
Stlth   ++           (no ring)
HPRegen 0.24/turn    (no ring)
MPRegen 0.11/turn

%: reflection
@: very slightly contaminated
A: high MP 1, forlorn, divine attributes
a: no special abilities


You were on level 2 of the Dungeon.
You visited 1 branch of the dungeon, and saw 3 of its levels.

You collected 29 gold pieces.

Inventory:

Hand Weapons
 e - a +0 flail of holy wrath
 m - a +0 dagger (weapon)
Missiles
 d - 9 poisoned darts
Armour
 a - a +0 robe (worn)
 i - a +0 cloak (worn)
Jewellery
 j - an amulet of reflection (around neck)
Scrolls
 c - 2 scrolls of poison
 k - a scroll of blinking {unknown}
 l - a scroll of teleportation {unknown}
Potions
 b - a potion of magic
 g - a potion of ambrosia {unknown}
 h - a potion of might {unknown}


   Skills:
 + Level 2.1 Dodging
 + Level 1.9 Stealth
 + Level 0.1 Unarmed Combat
 + Level 2.2 Spellcasting
 + Level 4.3 Conjurations


You had 5 spell levels left.
You knew the following spells:

 Your Spells              Type           Power      Damage    Failure   Level
a - Magic Dart            Conj           92%        1d7       1%          1

Your spell library contained the following spells:

 Spells                   Type           Power      Damage    Failure   Level
 Searing Ray              Conj           46%        2d6       3%          2
 Dazzling Flash           Conj/Hex       26%        N/A       14%         3
 Fulminant Prism          Conj/Hex       6%         3d7       43%         4
 Iskenderun's Mystic Bla  Conj/Tloc      13%        2d5       43%         4


Dungeon Overview and Level Annotations

Branches:
Dungeon (3/15)

Annotations:
D:2 Robin, Terence


Innate Abilities, Weirdness & Mutations

You have an increased reservoir of magic. (+10% MP)
You shall have no god before yourself.
Your divine heritage dramatically boosts your attributes as you level up.


Message History

You kill the goblin!
The goblin closely misses you. The goblin barely misses you.
The goblin hits you but does no damage.
The magic dart hits the hobgoblin.
The hobgoblin is heavily wounded.
The goblin hits you but does no damage. The hobgoblin closely misses you.
The goblin hits you with a +0 club.
The goblin hits you but does no damage. x2
The magic dart hits the hobgoblin.
You kill the hobgoblin!
The goblin hits you with a +0 dagger. The goblin closely misses you.
Robin says, "Bow before me, strongest of all the hobgoblins!"
You block the goblin's attack. The goblin hits you but does no damage.
You miscast Magic Dart.
You are very lightly contaminated with residual magic.
Nothing appears to happen.
The goblin hits you but does no damage. The goblin closely misses you.
The goblin hits you but does no damage. You block the goblin's attack.
You block Robin's attack.
The magic dart hits Robin but does no damage.
The goblin hits you but does no damage. The goblin closely misses you.
The goblin hits you with a +0 club. The goblin barely misses you. x2
You hit Robin.
Robin is lightly wounded.
The goblin barely misses you. The goblin hits you but does no damage.
The goblin hits you with a +0 club.
Robin says, "My army is invincible!"
Robin hits you with a +0 mace. You block the goblin's attack.
The goblin closely misses you.
You hit the goblin but do no damage. The goblin misses you.
The goblin closely misses you. The goblin hits you with a +0 club.
* * * LOW HITPOINT WARNING * * *
The goblin hits you with a +0 dagger.
* * * LOW HITPOINT WARNING * * *
The goblin hits you with a +0 dagger.
* * * LOW HITPOINT WARNING * * *
As you read the scroll labelled DEDUGA EDUOS, it crumbles to dust.
It is a scroll of identify.
c - 2 scrolls of poison The goblin closely misses you.
The goblin hits you but does no damage. You block the goblin's attack.
The goblin hits you with a +0 dagger.
You die...

#.#.#####.#.#....#.#
###.#†#.....#........# ###
#.....#.#######..###.###.#
#.#.###.#................#
#..........#..######.###.#
###.###.......# #.....#
#########.#.........#
#######
.....gg##.#....ggg..###
.....g.'.......g@g....#
......g##......#g#.##.#
.......#######.....##.#
.......# ###.#.##.#
.....|.# #.#.##.# .g......
#.#....# ........#
#.#.######### .##.....#
#.#.........# . #.....#
#.#########.#


You could see Robin and 5 goblins.

Vanquished Creatures
  An adder (D:2)
  7 bats
  4 endoplasms
  3 giant cockroaches
  9 goblins
  3 hobgoblins
  A quokka (D:1)
  3 ball pythons
  3 frilled lizards
  3 kobolds
  A rat (D:2)
38 creatures vanquished.

Notes
Turn   | Place    | Note
-------+----------+-------------------------------------------
     0 | D:1      | sircluck the Demigod Conjurer began the quest for the Orb.
     0 | D:1      | Reached XP level 1. HP: 14/14 MP: 5/5
   427 | D:1      | Reached XP level 2. HP: 20/20 MP: 2/7
   516 | D:1      | Reached skill level 4 in Conjurations
  1086 | D:2      | Noticed Terence
  1381 | D:2      | Reached XP level 3. HP: 25/26 MP: 4/8
  1605 | D:2      | Noticed Robin
  1703 | D:2      | Slain by a goblin

Illustrated notes

Levels and vault maps discovered:
D:1:      matt_arrival_los_fun, layout_basic
D:2:      layout_basic, basic_altar, st_stairs_9, uniq_robin, uniq_terence
D:3:      layout_basic, dk_yredelemnul_ordeal, ebering_ghost_rock_garden,
          uniq_natasha

Skill      XL: |  1  2 |
---------------+-------+-----
Conjurations   | 4 |  4.3
Dodging        | 2 |  2.1
Spellcasting   | 2 |  2.2
Stealth        | |  1.9
Unarmed Combat | |  0.1

Action                     || total
---------------------------++-------
  Melee: Unarmed           ||    20
         Dagger            ||     2
   Cast: Magic Dart        ||    77
    Use: Scroll            ||     1
 Armour: Robe              ||    31
  Dodge: Dodged            ||    59
  Block: Other             ||    12

Table legend: (Time is in decaauts)
 A = Elapsed time spent in this place.
 B = Non-inter-level travel time spent in this place.
 C = Inter-level travel time spent in this place.
 D = Time resting spent in this place.
 E = Time spent auto-exploring this place.
 F = Levels seen in this place.
 G = Mean time per level.
                   A        B        C        D        E       F      G
               +--------+--------+--------+--------+--------+-----+--------+
         Total |   1702 |   1604 |     98 |    114 |   1246 |   3 |  567.3 |
       Dungeon |   1702 |   1604 |     98 |    114 |   1246 |   3 |  567.3 |
               +--------+--------+--------+--------+--------+-----+--------+

Top non-repeatable levels by time:
     D:1: 1186 daAuts
     D:2: 443 daAuts
     D:3: 71 daAuts
